 Dungeon Crawl Stone Soup version 0.22.0-13-g43fe8f24b8 (webtiles) character file.

40982 Oravi the Cruncher (level 14, -10/109 HPs)
             Began as a Gnoll Wanderer on Aug 16, 2018.
             Was a Priest of Ashenzari.
             Engulfed by a fire crab's flame (23 damage)
             ... on level 6 of the Lair of Beasts on Aug 17, 2018.
             The game lasted 03:00:56 (33016 turns).

Oravi the Cruncher (Gnoll Wanderer)                Turns: 33016, Time: 03:00:57

Health: -10/109    AC: 14    Str: 17    XL:     14   Next: 13%
Magic:  32/35      EV: 14    Int: 23    God:    Ashenzari [***...]
Gold:   1214       SH: 15    Dex: 12    Spells: 9/30 levels left

rFire    . . .     SeeInvis +   p - +0 whip (flame)
rCold    . . .     Gourm    .   c - +0 shield
rNeg     . . .     Faith    .   O - +0 scale mail (curse)
rPois    +         Spirit   .   r - +1 helmet (curse)
rElec    .         Reflect  +   k - +0 cloak
rCorr    .         Harm     .   K - +0 pair of gloves (curse)
MR       +....                  (no boots)
Stlth    ++........             z - +4 amulet of reflection (curse)
HPRegen  0.28/turn              o - ring of wizardry
MPRegen  0.24/turn              C - ring of Qaaliwk {rPois MP+9 Int+3 Stlth-} (curse)

@: no status effects
A: distributed training, fangs 1, strong nose
a: Curse Item, Scrying, Renounce Religion


You were on level 6 of the Lair of Beasts.
You worshipped Ashenzari.
Ashenzari was most pleased with you.
You were very hungry.

You visited 3 branches of the dungeon, and saw 18 of its levels.

You collected 1214 gold pieces.

Inventory:

Hand Weapons
 a - a +1 quarterstaff of freezing
 b - a +0 hunting sling
 p - a +0 whip of flaming (weapon)
 y - a +0 blowgun
Missiles
 i - 297 stones (quivered)
 m - 95 poisoned needles
 w - a throwing net
 J - 12 curare-tipped needles
 S - 28 sling bullets
 Z - 3 javelins
Armour
 c - a +0 shield (worn)
 k - a +0 cloak (worn)
 r - a cursed +1 helmet (worn)
 K - a cursed +0 pair of gloves (worn)
 O - a cursed +0 scale mail (worn)
Jewellery
 d - an uncursed ring of magical power
 h - an uncursed ring of poison resistance
 l - an uncursed ring of flight
 o - a ring of wizardry (left hand)
 t - a +4 ring of dexterity
 u - an uncursed ring of ice
 z - a cursed +4 amulet of reflection (around neck)
 C - the cursed ring of Qaaliwk (right hand) {rPois MP+9 Int+3 Stlth-}
   (You found it on level 5 of the Lair of Beasts)

   [ring of magical power]

   It affects your intelligence (+3).
   It protects you from poison.
   It affects your magic capacity (+9).
   It makes you less stealthy.
   It has a curse placed upon it.
 N - an uncursed ring of fire
 Q - an uncursed ring of see invisible
 X - an uncursed ring of stealth
 Y - an uncursed ring of resist corrosion
Wands
 e - a wand of digging (52)
 g - a wand of iceblast (4)
 s - a wand of scattershot (5)
 M - a wand of enslavement (25)
 T - a wand of clouds (4)
 V - a wand of polymorph (7)
Scrolls
 q - a scroll of fear
 H - a scroll of magic mapping
 I - 6 scrolls of identify
 P - 2 scrolls of blinking
 R - 3 scrolls of teleportation
Potions
 n - 4 potions of brilliance
 v - a potion of heal wounds
 x - 3 potions of resistance
 A - 2 potions of agility
 B - 4 potions of flight
 G - 3 potions of curing
 L - 3 potions of haste
 U - 3 potions of cancellation
 W - a potion of berserk rage
Miscellaneous
 j - a fan of gales
 D - a lightning rod (4/4)
 E - a sack of spiders
 F - a phial of floods
Comestibles
 f - 8 rations


   Skills:
 + Level 9.9 Fighting
 + Level 8.8 Short Blades
 + Level 8.8 Long Blades
 + Level 8.8 Axes
 + Level 8.8 Maces & Flails
 + Level 8.8 Polearms
 + Level 10.8 Staves
 + Level 8.8 Slings
 + Level 8.8 Bows
 + Level 8.8 Crossbows
 + Level 8.8 Throwing
 + Level 8.8(10.6) Armour
 + Level 8.8(10.6) Dodging
 + Level 8.8 Stealth
 + Level 9.9 Shields
 + Level 8.8 Unarmed Combat
 + Level 8.8 Spellcasting
 + Level 7.3(9.2) Conjurations
 + Level 7.7(9.6) Hexes
 + Level 7.3(9.2) Charms
 + Level 7.3(9.2) Summonings
 + Level 7.3(9.2) Necromancy
 + Level 7.3(9.2) Translocations
 + Level 7.3(9.2) Transmutations
 + Level 7.3(9.2) Fire Magic
 + Level 8.3(10.2) Ice Magic
 + Level 7.3(9.2) Air Magic
 + Level 7.3(9.2) Earth Magic
 + Level 7.3(9.2) Poison Magic
 + Level 9.6 Invocations
 + Level 8.8(10.6) Evocations


You had 9 spell levels left.
You knew the following spells:

 Your Spells              Type           Power        Failure   Level  Hunger
a - Fireball              Conj/Fire      ######....   9%          5    ####...
b - Blink                 Tloc           N/A          1%          2    None
d - Regeneration          Chrm/Necr      ######....   1%          3    None
e - Conjure Flame         Conj/Fire      ######..     1%          3    None
f - Portal Projectile     Hex/Tloc       ######       1%          3    None
j - Borgnjor's Vile Clut  Necr/Erth      ######....   9%          5    ####...

Your spell library contained the following spells:

 Spells                   Type           Power        Failure   Level  Hunger
 Magic Dart               Conj           ####         1%          1    None
 Bolt of Fire             Conj/Fire      ######....   38%         6    ######.
 Slow                     Hex            ######..     1%          2    None
 Confuse                  Hex            ######..     1%          3    None
 Controlled Blink         Tloc           N/A          100%        8    #######
 Mephitic Cloud           Conj/Pois/Air  ######..     1%          3    None
 Animate Dead             Necr           N/A          2%          4    ##.....
 Pain                     Necr           ####         1%          1    None
 Animate Skeleton         Necr           N/A          1%          1    None
 Vampiric Draining        Necr           ######....   1%          3    None
 Freeze                   Ice            ####         1%          1    None
 Ozocubu's Armour         Chrm/Ice       ######..     1%          3    None
 Call Imp                 Summ           ######..     1%          2    None
 Iron Shot                Conj/Erth      ######....   38%         6    ######.
 Statue Form              Tmut/Erth      ######...    38%         6    ######.
 Confusing Touch          Hex            ######       1%          1    None
 Passwall                 Tmut/Erth      ######..     1%          2    None
 Ensorcelled Hibernation  Hex/Ice        ######       1%          2    None
 Metabolic Englaciation   Hex/Ice        ######....   6%          5    ####...
 Dispersal                Tloc           ######....   38%         6    ######.
 Sandblast                Erth           ######       1%          1    None
 Petrify                  Tmut/Erth      ######..     2%          4    ##.....
 Shroud of Golubria       Chrm/Tloc      ######....   1%          2    None
 Disjunction              Tloc           ######....   100%        8    #######
 Force Lance              Conj/Tloc      ######..     2%          4    ##.....
 Infusion                 Chrm           ####         1%          1    None
 Song of Slaying          Chrm           ######..     1%          2    None
 Spectral Weapon          Hex/Chrm       ######..     1%          3    None
 Gell's Gravitas          Tloc           ######....   1%          3    None
 Yara's Violent Unravell  Hex/Tmut       ######....   8%          5    ####...


Dungeon Overview and Level Annotations

Branches:
Dungeon (11/15)            Temple (1/1) D:5            Lair (6/6) D:9
 Shoals (0/4) Lair:2        Snake (0/4) Lair:4          Orc (0/2) D:10
  Slime: Lair:5-6

Altars:
Ashenzari
Cheibriados
Dithmenos
Elyvilon
Fedhas
Gozag
Hepliaklqana
Kikubaaqudgha
Makhleb
Nemelex Xobeh
Okawaru
Qazlal
Ru
Sif Muna
Trog
Uskayaw
Vehumet
Wu Jian
Xom
Yredelemnul
Zin
The Shining One

Annotations:
D:6 2 transporters, syranez's ghost, novice HOMo
Lair:3 1 runed door, Rauguz's ghost, journeyman TrFi


Innate Abilities, Weirdness & Mutations

Your experience applies equally to all skills.
You have very sharp teeth.
Your uncanny sense of smell can sniff out nearby items.


Message History

Press: ? - help, Shift-Dir - straight line The mass of ice explodes!
The iceblast engulfs the hell hound.
The hell hound is frozen!
You kill the hell hound!
You hear a roar!
You hear a screech!
You hear an angry hiss.
You see here a +0 leather armour.
You see here a hell hound corpse.
There is a stone staircase leading up, spattered with blood here.
You start resting.
Your magical contamination has completely faded away.
You start resting.
The blink frog is too close now for your liking.
You see here a hell hound corpse.
A fire crab comes into view.
The fire crab breathes flames at you. The blast of flame engulfs you!
* * * LOW HITPOINT WARNING * * *
You see here a hell hound corpse.
You are engulfed in blazing flames.
You die...

#P...............#....,,
###.##P...........# * ,
#..#.P#........## *
##...##..†......### *
##...#[.t........###
#.#§§.§...........#
##.#§§§.P#.........
####§#..#.........
#§@§..#.PP......
###..##..#......
###.##.#.....# ,
##....#.... #...##....*
#.##....... ##*#...#.. ,
#.#... #......


You could see a fire crab.

Vanquished Creatures
  Gastronok (Lair:3)
  An ettin (Lair:5)
  Josephine (Lair:5)
  2 hydras
  Fannar (Lair:3)
  A catoblepas (Lair:5)
  6 death yaks
  2 unseen horrors
  Pikel (D:4)
  2 cyclopes (D:11)
  4 oklob plants (Lair:5)
  5 black mambas
  A gargoyle (D:10)
  A torpor snail (Lair:4)
  7 spiny frogs
  3 rime drakes (Lair:4)
  7 komodo dragons
  3 trolls
  A snapping turtle (Lair:2)
  9 blink frogs
  7 dream sheep (Lair:6)
  5 hippogriffs
  3 wyverns
  Sigmund (D:2)
  23 yaks
  A redback (D:9)
  5 wraiths (Lair:4)
  2 basilisks
  3 hungry ghosts (D:10)
  12 water moccasins
  2 hell hounds (Lair:6)
  2 orc warriors
  8 porcupines
  4 sky beasts
  2 black bears
  A phantom (D:8)
  3 slaves (D:4)
  A necrophage (D:8)
  A hornet zombie (D:9)
  An eye of draining (D:10)
  5 ogres
  2 centaurs
  21 wolves
  10 crocodiles
  17 bullfrogs
  4 scorpions
  A water moccasin skeleton (D:10)
  11 electric eels
  4 wights (D:10)
  A howler monkey (D:11)
  3 jellies
  6 crimson imps
  3 hounds
  A bullfrog zombie (D:11)
  6 orc priests
  2 bullfrog skeletons
  6 iguanas
  9 orc wizards
  3 centaur skeletons
  A gnoll shaman (D:4)
  Jessica (D:2)
  Natasha (thrice) (D:2)
  2 hell rats (Lair:2)
  10 worker ants
  A killer bee zombie (D:7)
  6 ogre zombies (D:10)
  3 hound zombies
  A worker ant zombie (D:10)
  Robin (D:3)
  5 gnolls
  A howler monkey skeleton (D:10)
  8 adders
  11 river rats
  3 shadow imps
  2 oozes
  2 adder zombies
  An adder skeleton (D:4)
  2 dart slugs
  A worm (D:2)
  8 leopard geckos
  32 orcs
  5 giant cockroaches
  16 goblins
  8 hobgoblins
  19 jackals
  11 kobolds
  A quokka (D:7)
  A ball python skeleton (D:5)
  8 bats
  6 frilled lizards
  3 goblin skeletons (D:10)
  4 goblin zombies (D:10)
  A hobgoblin skeleton (D:10)
  2 jackal zombies
  2 orc skeletons (D:10)
  9 orc zombies (D:10)
  A quokka skeleton (D:10)
  9 rats
  3 fungi (Lair:5)
  3 plants
478 creatures vanquished.

Vanquished Creatures (others)
  2 gnolls (D:4)
  A bush (Lair:5)
  8 fungi
  11 plants
22 creatures vanquished.

Grand Total: 500 creatures vanquished

Notes
Turn   | Place    | Note
-------+----------+-------------------------------------------
     0 | D:1      | Oravi the Gnoll Wanderer began the quest for the Orb.
     0 | D:1      | Oravi set off with: a +0 shield, a potion of curing, a +0 quarterstaff, a +0 robe, a +0 club, a ration
     0 | D:1      | Reached XP level 1. HP: 20/20 MP: 1/1
   172 | D:1      | Reached XP level 2. HP: 26/26 MP: 2/2
   563 | D:1      | Reached XP level 3. HP: 29/31 MP: 3/3
  1085 | D:2      | Noticed Natasha
  1184 | D:2      | Killed Natasha
  1184 | D:2      | Reached skill level 1 in Short Blades
  1184 | D:2      | Reached skill level 1 in Long Blades
  1184 | D:2      | Reached skill level 1 in Axes
  1184 | D:2      | Reached skill level 1 in Maces & Flails
  1184 | D:2      | Reached skill level 1 in Polearms
  1184 | D:2      | Reached skill level 1 in Slings
  1184 | D:2      | Reached skill level 1 in Bows
  1184 | D:2      | Reached skill level 1 in Crossbows
  1184 | D:2      | Reached skill level 1 in Throwing
  1184 | D:2      | Reached skill level 1 in Armour
  1184 | D:2      | Reached skill level 1 in Dodging
  1184 | D:2      | Reached skill level 1 in Stealth
  1184 | D:2      | Reached skill level 1 in Unarmed Combat
  1184 | D:2      | Reached skill level 1 in Spellcasting
  1184 | D:2      | Reached skill level 1 in Invocations
  1184 | D:2      | Reached skill level 1 in Evocations
  1184 | D:2      | Reached XP level 4. HP: 37/38 MP: 5/5
  1538 | D:2      | Noticed Jessica
  1550 | D:2      | Noticed Natasha
  1574 | D:2      | Killed Natasha
  1699 | D:2      | Noticed Natasha
  1725 | D:2      | Killed Natasha
  1725 | D:2      | Reached skill level 1 in Conjurations
  1725 | D:2      | Reached skill level 1 in Charms
  1725 | D:2      | Reached skill level 1 in Summonings
  1725 | D:2      | Reached skill level 1 in Necromancy
  1725 | D:2      | Reached skill level 1 in Translocations
  1725 | D:2      | Reached skill level 1 in Transmutations
  1725 | D:2      | Reached skill level 1 in Fire Magic
  1725 | D:2      | Reached skill level 1 in Air Magic
  1725 | D:2      | Reached skill level 1 in Earth Magic
  1725 | D:2      | Reached skill level 1 in Poison Magic
  1725 | D:2      | Reached XP level 5. HP: 26/43 MP: 6/6
  1903 | D:2      | Killed Jessica
  2046 | D:2      | Noticed Sigmund
  2400 | D:2      | Found a shimmering altar of Xom.
  2492 | D:2      | Killed Sigmund
  2492 | D:2      | Reached skill level 5 in Fighting
  2492 | D:2      | Reached skill level 5 in Shields
  2492 | D:2      | Reached XP level 6. HP: 37/51 MP: 7/9
  3061 | D:3      | Noticed Robin
  3087 | D:3      | Killed Robin
  3835 | D:4      | Reached XP level 7. HP: 41/56 MP: 10/10
  4073 | D:4      | Reached skill level 7 in Staves
  4287 | D:4      | Noticed Pikel
  4380 | D:4      | Killed Pikel
  4380 | D:4      | Reached XP level 8. HP: 18/63 MP: 10/12
  5555 | D:5      | Entered Level 5 of the Dungeon
  6034 | D:5      | Found a staircase to the Ecumenical Temple.
  6041 | Temple   | Entered the Ecumenical Temple
  6134 | Temple   | Became a worshipper of Ashenzari the Shackled
  7125 | D:6      | Reached XP level 9. HP: 24/69 MP: 14/14
  7348 | D:6      | Learned a level 3 spell: Portal Projectile
  7477 | D:6      | Reached skill level 5 in Ice Magic
  7714 | D:6      | Found a transporter.
  7716 | D:6      | Noticed syranez's ghost (novice HOMo)
  7720 | D:6      | Found a transporter.
  7989 | D:6      | Found a radiant altar of Vehumet.
  9431 | D:8      | Reached skill level 8 in Staves
 10257 | D:8      | Reached skill level 5 in Invocations
 10821 | D:8      | Reached XP level 10. HP: 60/77 MP: 17/17
 11618 | D:9      | Reached * piety under Ashenzari
 12084 | D:9      | Reached skill level 5 in Short Blades
 12084 | D:9      | Reached skill level 5 in Long Blades
 12084 | D:9      | Reached skill level 5 in Axes
 12084 | D:9      | Reached skill level 5 in Maces & Flails
 12084 | D:9      | Reached skill level 5 in Polearms
 12084 | D:9      | Reached skill level 5 in Slings
 12084 | D:9      | Reached skill level 5 in Bows
 12084 | D:9      | Reached skill level 5 in Crossbows
 12084 | D:9      | Reached skill level 5 in Throwing
 12084 | D:9      | Reached skill level 5 in Armour
 12084 | D:9      | Reached skill level 5 in Dodging
 12084 | D:9      | Reached skill level 5 in Stealth
 12084 | D:9      | Reached skill level 5 in Unarmed Combat
 12084 | D:9      | Reached skill level 5 in Spellcasting
 12084 | D:9      | Reached skill level 5 in Evocations
 12835 | D:9      | Noticed a two-headed ogre
 12863 | D:9      | Learned a level 2 spell: Blink
 12867 | D:9      | Learned a level 3 spell: Conjure Flame
 12919 | D:9      | Found a staircase to the Lair.
 13315 | D:9      | Reached skill level 5 in Hexes
 14033 | D:9      | Found a glowing golden altar of the Shining One.
 14178 | D:9      | a two-headed ogre changed into a redback
 14728 | D:10     | Entered Level 10 of the Dungeon
 14751 | D:10     | Killed an unseen horror
 14751 | D:10     | Reached XP level 11. HP: 57/84 MP: 19/19
 15738 | D:10     | Reached skill level 9 in Staves
 16046 | D:10     | Reached skill level 5 in Conjurations
 16046 | D:10     | Reached skill level 5 in Charms
 16046 | D:10     | Reached skill level 5 in Summonings
 16046 | D:10     | Reached skill level 5 in Necromancy
 16046 | D:10     | Reached skill level 5 in Translocations
 16046 | D:10     | Reached skill level 5 in Transmutations
 16046 | D:10     | Reached skill level 5 in Fire Magic
 16046 | D:10     | Reached skill level 5 in Air Magic
 16046 | D:10     | Reached skill level 5 in Earth Magic
 16046 | D:10     | Reached skill level 5 in Poison Magic
 16663 | D:10     | Found a staircase to the Orcish Mines.
 16766 | D:10     | Identified Feawk's Papyrus of Insomnia
 17513 | D:11     | Noticed a cyclops
 17798 | D:11     | Killed a cyclops
 18303 | D:11     | Noticed a cyclops
 18334 | D:11     | Killed a cyclops
 18458 | D:11     | Noticed a cyan ugly thing
 18640 | Lair:1   | Entered Level 1 of the Lair of Beasts
 19550 | Lair:1   | Identified the Collected Works on the Mountains
 19776 | Lair:1   | Reached ** piety under Ashenzari
 20208 | Lair:1   | Reached XP level 12. HP: 55/93 MP: 22/22
 20405 | Lair:2   | Noticed an eight-headed hydra
 21317 | Lair:2   | HP: 2/94 [spiny frog (19)]
 21971 | Lair:1   | Learned a level 3 spell: Regeneration
 22069 | Lair:2   | Killed an eight-headed hydra
 22347 | Lair:2   | Found a staircase to the Shoals.
 23749 | Lair:3   | Noticed Gastronok
 23772 | Lair:3   | Killed Gastronok
 24173 | Lair:3   | Noticed Snorg
 24174 | Lair:3   | Snorg changed into something unseen
 24176 | Lair:3   | Noticed Snorg
 24191 | Lair:3   | Killed Snorg the unseen horror
 24326 | Lair:3   | Noticed Fannar
 24359 | Lair:3   | Killed Fannar
 24619 | Lair:3   | Reached skill level 10 in Staves
 24922 | Lair:3   | Noticed Sonja
 24923 | Lair:3   | Noticed Sonja
 24923 | Lair:3   | Sonja changed into Sonja the troll
 24950 | Lair:3   | Killed Sonja the troll
 25225 | Lair:3   | Noticed Rauguz's ghost (journeyman TrFi)
 25226 | Lair:3   | Found a runed door.
 26458 | Lair:4   | Reached XP level 13. HP: 101/101 MP: 20/24
 26914 | Lair:4   | Learned a level 5 spell: Borgnjor's Vile Clutch
 26920 | Lair:4   | Learned a level 5 spell: Fireball
 27633 | Lair:4   | Found a staircase to the Snake Pit.
 27870 | Lair:4   | Reached *** piety under Ashenzari
 28311 | Lair:5   | Noticed Josephine
 28581 | Lair:5   | Killed Josephine
 30874 | Lair:5   | Identified the ring of Qaaliwk {rPois MP+9 Int+3 Stlth-}
 31154 | Lair:6   | Entered Level 6 of the Lair of Beasts
 31952 | Lair:5   | Noticed a spark wasp
 31952 | Lair:5   | an eight-headed hydra changed into a spark wasp
 31954 | Lair:5   | Noticed a fire dragon
 31954 | Lair:5   | a spark wasp changed into a fire dragon
 32332 | Lair:5   | Noticed an ettin
 32332 | Lair:5   | a fire dragon changed into an ettin
 32338 | Lair:5   | Killed an ettin
 32338 | Lair:5   | Reached XP level 14. HP: 109/109 MP: 5/26
 33016 | Lair:6   | Engulfed by a fire crab's flame

Skill      XL: |  1  2  3  4  5  6  7  8  9 10 11 12 13 |
---------------+----------------------------------------+-----
Hexes          | 2 3 4 5 6 7 |  7.7
Short Blades   | 1 2 3 4 5 6 7 8 |  8.8
Long Blades    | 1 2 3 4 5 6 7 8 |  8.8
Axes           | 1 2 3 4 5 6 7 8 |  8.8
Maces & Flails | 1 2 3 4 5 6 7 8 |  8.8
Polearms       | 1 2 3 4 5 6 7 8 |  8.8
Slings         | 1 2 3 4 5 6 7 8 |  8.8
Bows           | 1 2 3 4 5 6 7 8 |  8.8
Crossbows      | 1 2 3 4 5 6 7 8 |  8.8
Throwing       | 1 2 3 4 5 6 7 8 |  8.8
Armour         | 1 2 3 4 5 6 7 8 |  8.8
Dodging        | 1 2 3 4 5 6 7 8 |  8.8
Stealth        | 1 2 3 4 5 6 7 8 |  8.8
Unarmed Combat | 1 2 3 4 5 6 7 8 |  8.8
Spellcasting   | 1 2 3 4 5 6 7 8 |  8.8
Invocations    | 1 2 3 4 5 6 7 8 9 |  9.6
Evocations     | 1 2 3 4 5 6 7 8 |  8.8
Conjurations   | 1 2 3 4 5 6 7 |  7.3
Charms         | 1 2 3 4 5 6 7 |  7.3
Summonings     | 1 2 3 4 5 6 7 |  7.3
Necromancy     | 1 2 3 4 5 6 7 |  7.3
Translocations | 1 2 3 4 5 6 7 |  7.3
Transmutations | 1 2 3 4 5 6 7 |  7.3
Fire Magic     | 1 2 3 4 5 6 7 |  7.3
Air Magic      | 1 2 3 4 5 6 7 |  7.3
Earth Magic    | 1 2 3 4 5 6 7 |  7.3
Poison Magic   | 1 2 3 4 5 6 7 |  7.3
Ice Magic      | 4 5 6 7 8 |  8.3
Fighting       | 5 6 7 8 9 |  9.9
Shields        | 5 6 7 8 9 |  9.9
Staves         | 7 8 9 10 | 10.8

Action                   |  1- 3 |  4- 6 |  7- 9 | 10-12 | 13-15 || total
-------------------------+-------+-------+-------+-------+-------++-------
Melee: Club              |    13 |       |       |       |       ||    13
       Quarterstaff      |    61 |   160 |   284 |   830 |   248 ||  1583
       Bite              |     5 |    15 |    31 |   143 |    44 ||   238
       Whip              |       |       |       |   295 |    98 ||   393
 Fire: Blowgun           |       |     2 |    94 |    28 |       ||   124
       Hunting sling     |       |       |   387 |   350 |    98 ||   835
Throw: Stone             |    67 |    51 |   102 |   294 |   111 ||   625
 Cast: Portal Projectile |       |       |     6 |    16 |     5 ||    27
       Conjure Flame     |       |       |       |    21 |     9 ||    30
       Regeneration      |       |       |       |     1 |     1 ||     2
       Borgnjor's Vile C |       |       |       |       |    27 ||    27
       Fireball          |       |       |       |       |    15 ||    15
       Blink             |       |       |       |       |     1 ||     1
Invok: Curse Item        |       |       |     2 |     1 |     2 ||     5
Evoke: Wand              |       |       |     4 |    52 |    10 ||    66
       Sack of spiders   |       |       |       |     1 |       ||     1
       Lightning rod     |       |       |       |       |     2 ||     2
  Use: Potion            |     1 |     1 |     4 |     6 |       ||    12
       Scroll            |       |     8 |       |    17 |     3 ||    28
 Stab: Sleeping          |       |       |       |     4 |     1 ||     5
  Eat: Chunk             |     1 |     7 |    16 |    24 |    16 ||    64
       Ration            |       |       |     2 |    11 |     4 ||    17
Armor: Robe              |    11 |       |       |       |       ||    11
       Leather armour    |     2 |    58 |    30 |       |       ||    90
       Ring mail         |       |       |    73 |       |       ||    73
       Scale mail        |       |       |    71 |   385 |    98 ||   554
Dodge: Dodged            |    31 |   106 |   304 |   581 |   171 ||  1193
Block: Shield            |     7 |       |       |   131 |   109 ||   247
       Other             |       |       |       |       |    42 ||    42
